 Dungeon Crawl Stone Soup version 0.32-a0-616-g9348d45 (webtiles) character file.

Game seed: 7166576882509788313

142 Dorkslayer the Covered (level 5, -4/34 (41) HPs)
             Began as a Human Fighter on Mar 4, 2024.
             Slain by a wight
             ... wielding a +0 dire flail
              (9 damage)
             ... on level 4 of the Dungeon on Mar 5, 2024.
             The game lasted 00:06:36 (1897 turns).

Dorkslayer the Covered (Human Fighter)              Turns: 1897, Time: 00:06:37

HP:   -4/34 (41)    AC: 14    Str: 23    XL:     5   Next: 25%
MP:   14/14         EV:  8    Int: 10    God:
Gold: 162           SH:  4    Dex: 12    Spells: 4/4 levels left

rFire   . . .        j - +3 spear "Doesuiro" {venom, rPois Str+4 Int+2}
rCold   + . .        c - +0 buckler
rNeg    . . .        e - +5 chain mail of Liezeag {Harm MP+9}
rPois   +            (no helmet)
rElec   .            (no cloak)
rCorr   .            (no gloves)
SInv    .            (no boots)
Will    +....        (no amulet) Stlth
                     f - ring of willpower
HPRegen 0.25/turn    i - ring of protection from cold
MPRegen 0.14/turn

%: harm (+30% outgoing, +20% incoming)
@: mighty, heavily drained
A: explore regen
a: no special abilities


You were on level 4 of the Dungeon.
You visited 1 branch of the dungeon, and saw 4 of its levels.

You collected 162 gold pieces.

Inventory:

Hand Weapons
 a - a +0 war axe
 j - the +3 spear "Doesuiro" (weapon) {venom, rPois Str+4 Int+2}
   (You found it on level 2 of the Dungeon)

   Str+4:     It affects your strength (+4).
   Int+2:     It affects your intelligence (+2).
   rPois:     It protects you from poison.
Armour
 c - a +0 buckler (worn)
 e - the +5 chain mail of Liezeag (worn) {Harm MP+9}
   (You took it off a hobgoblin on level 2 of the Dungeon)

   MP+9:      It affects your magic capacity (+9).
   Harm:      It increases damage dealt and taken.
Jewellery
 f - a ring of willpower (left hand)
 i - a ring of protection from cold (right hand)
Potions
 b - a potion of cancellation {unknown}
 g - a potion of degeneration {unknown}
 k - a potion of brilliance {unknown}


   Skills:
 * Level 3.3 Fighting
 + Level 3.4(3.5) Axes
 * Level 1.0(2.4) Polearms
 * Level 3.6 Armour
 * Level 1.7 Dodging
 * Level 3.3 Shields


You had 4 spell levels left.
You didn't know any spells.
Your spell library was empty.

Dungeon Overview and Level Annotations

Branches:
Dungeon (4/15)
 Temple: D:4-7

Altars:
Elyvilon


Innate Abilities, Weirdness & Mutations

You regain HP and MP as you explore.


Message History

The quokka bites you but does no damage.
You barely miss the quokka.
The quokka is severely wounded.
The quokka barely misses you. x2
You hit the quokka but do no damage.
The quokka looks as sick as possible!
The quokka is almost dead.
You kill the quokka!
The wight barely misses you.
You see here a quokka corpse.
The wight attacks as it pursues you!
The wight hits you with a +0 dire flail.
You feel drained.
You feel very mighty all of a sudden.
The wight hits you with a +0 dire flail!
You feel drained.
You barely miss the wight.
The wight hits you with a +0 dire flail!
You barely miss the wight.
The wight hits you with a +0 dire flail!
* * * LOW HITPOINT WARNING * * *
You feel drained.
* * * LOW HITPOINT WARNING * * *
You barely miss the wight. You block the wight's attack. The wight misses you.
You hit the wight.
The wight is moderately damaged.
The wight barely misses you.
You hit the wight.
The wight is heavily damaged.
The wight hits you with a +0 dire flail.
* * * LOW HITPOINT WARNING * * *
You feel drained.
You closely miss the wight.
The wight is heavily damaged.
The wight barely misses you.
You barely miss the wight.
The wight is heavily damaged.
You hit the wight but do no damage.
The wight is heavily damaged.
The wight hits you with a +0 dire flail!
You die...

##..#
...
#.#
#z#
#z#
#z#
#z#
#z#
#@#
#.#
..#
.###
#. #


You could see 5 wights.

Vanquished Creatures
  A bombardier beetle (D:3)
  2 adders
  3 dart slugs (D:1)
  3 ribbon worms
  3 orcs (D:3)
  4 ball pythons
  9 bats
  5 endoplasms
  2 giant cockroaches (D:1)
  8 goblins
  10 hobgoblins
  3 jackals (D:1)
  6 quokkas
  A frilled lizard (D:3)
  4 kobolds
  6 rats
70 creatures vanquished.

Notes
Turn   | Place    | Note
-------+----------+-------------------------------------------
     0 | D:1      | Dorkslayer the Human Fighter began the quest for the Orb.
     0 | D:1      | Reached XP level 1. HP: 18/18 MP: 1/1
   171 | D:1      | Reached XP level 2. HP: 24/24 MP: 2/2
   339 | D:1      | Reached XP level 3. HP: 28/29 MP: 3/3
   673 | D:1      | Reached skill level 1 in Dodging
   872 | D:2      | Reached XP level 4. HP: 28/35 MP: 4/4
  1019 | D:2      | Identified the +5 chain mail of Liezeag {Harm MP+9}
  1068 | D:2      | Found a white marble altar of Elyvilon.
  1146 | D:2      | Identified the +3 spear "Doesuiro" {venom, rPois Str+4
                  | Int+2}
  1536 | D:3      | Reached skill level 1 in Polearms
  1536 | D:3      | Reached XP level 5. HP: 23/41 MP: 5/5
  1637 | D:3      | Upgraded the game from 0.32-a0-613-g40f424e to
                  | 0.32-a0-614-gd166fa8
  1637 | D:3      | Upgraded the game from 0.32-a0-614-gd166fa8 to
                  | 0.32-a0-616-g9348d45
  1897 | D:4      | Slain by a wight

Illustrated notes

Levels and vault maps discovered:
D:1:      minmay_arrival_widening_spiral_wide, layout_basic
D:2:      layout_rooms, basic_altar, chequers_serial_rivers_marsh
D:3:      layout_basic
D:4:      gammafunk_cloud_chamber, layout_loops_corners, kennysheep_ying_yang,
          minmay_misc_feat_encased, serial_bayou_ford_a, uniq_menkaure

Skill      XL: |  1  2  3  4 |
---------------+-------------+-----
Dodging        | 1 |  1.7
Axes           | 3 |  3.4
Polearms       | 1 |  1.0
Fighting       | |  3.3
Armour         | |  3.6
Shields        | |  3.3

Action                     |  1- 3 |  4- 6 || total
---------------------------+-------+-------++-------
  Melee: War axe           |   102 |    23 ||   125
         Spear             |       |    61 ||    61
    Use: Scroll            |     1 |     2 ||     3
         Potion            |       |     1 ||     1
 Armour: Scale mail        |    71 |    18 ||    89
         Chain mail        |       |    27 ||    27
  Dodge: Dodged            |    49 |    24 ||    73
  Block: Buckler           |    19 |    14 ||    33

Table legend: (Time is in decaauts)
 A = Elapsed time spent in this place.
 B = Non-inter-level travel time spent in this place.
 C = Inter-level travel time spent in this place.
 D = Time resting spent in this place.
 E = Time spent auto-exploring this place.
 F = Levels seen in this place.
 G = Mean time per level.
                   A        B        C        D        E       F      G
               +--------+--------+--------+--------+--------+-----+--------+
         Total |   1951 |   1951 |      0 |      0 |    814 |   4 |  487.8 |
       Dungeon |   1951 |   1951 |      0 |      0 |    814 |   4 |  487.8 |
               +--------+--------+--------+--------+--------+-----+--------+

Top non-repeatable levels by time:
     D:1: 901 daAuts
     D:3: 608 daAuts
     D:2: 425 daAuts
     D:4: 16 daAuts
